 Dungeon Crawl Stone Soup version 0.25.0-1-g7eea58d (webtiles) character file.

Game seed: 4040944190034558079

247 malesh the Slasher (level 6, -7/49 HPs)
             Began as a Barachi Skald on June 16, 2020.
             Mangled by an ogre
             ... wielding a +0 giant spiked club
              (14 damage)
             ... on level 4 of the Dungeon.
             The game lasted 00:10:10 (3936 turns).

malesh the Slasher (Barachi Skald)                  Turns: 3936, Time: 00:10:11

Health: -7/49      AC:  3    Str: 14    XL:     6   Next: 11%
Magic:  6/9        EV: 12    Int: 14    God:
Gold:   111        SH:  0    Dex: 11    Spells: 1/9 levels left

rFire    + . .     SeeInvis .   a - +0 falchion
rCold    . . .     Gourm    .   (no shield)
rNeg     . . .     Faith    .   b - +0 leather armour
rPois    .         Spirit   .   (no helmet)
rElec    .         Reflect  .   (no cloak)
rCorr    .         Harm     .   (no gloves)
MR       .....                  (no boots)
Stlth    +.........             (no amulet)
HPRegen  0.16/turn              l - ring of protection from fire
MPRegen  0.11/turn              (no ring)

@: very slightly contaminated, slow
A: +LOS, swims, slowness 1, strong legs 1
a: Hop


You were on level 4 of the Dungeon.
You were not hungry.

You visited 1 branch of the dungeon, and saw 4 of its levels.

You collected 111 gold pieces.

Inventory:

Hand Weapons
 a - a +0 falchion (weapon)
 e - a +0 hunting sling
Armour
 b - a +0 leather armour (worn)
Jewellery
 l - a ring of protection from fire (left hand)
 q - an uncursed ring of ice
Wands
 o - a wand of polymorph (12)
 r - a wand of digging (6)
Scrolls
 g - 2 scrolls of remove curse {unknown}
 j - 3 scrolls of amnesia
 k - 3 scrolls of teleportation {unknown}
 m - a scroll of fear
Potions
 c - a potion of resistance
 f - a potion of heal wounds
 h - a potion of ambrosia {unknown}
 n - a potion of degeneration {unknown}
 p - a potion of mutation
Comestibles
 d - 4 rations
 i - a chunk of flesh


   Skills:
 * Level 4.7 Fighting
 * Level 4.7 Long Blades
 - Level 1.2 Armour
 + Level 3.3 Dodging
 - Level 2.1 Spellcasting
 + Level 4.2 Charms


You had one spell level left.
You knew the following spells:

 Your Spells              Type           Power        Failure   Level  Hunger
a - Infusion              Chrm           ##..         4%          1    #......
b - Song of Slaying       Chrm           ##......     8%          2    ###....
c - Shroud of Golubria    Chrm/Tloc      #.....       19%         2    ###....
d - Spectral Weapon       Hex/Chrm       #.......     34%         3    ###....

Your spell library contained the following spells:

 Spells                   Type           Power        Failure   Level  Hunger
 Ozocubu's Armour         Chrm/Ice       #.......     34%         3    ###....


Dungeon Overview and Level Annotations

Branches:
Dungeon (4/15)
 Temple: D:4-7

Altars:


Innate Abilities, Weirdness & Mutations

You can be seen from farther away. (+LOS)
You can swim through water.
You cover ground slowly.
You can hop short distances.


Message History

Casting: Infusion (safe; 4% risk of failure)
Confirm with . or Enter, or press ? or * to list all spells.
You miscast Shroud of Golubria.
You are very lightly contaminated with residual magic.
Nothing appears to happen.
Casting: Shroud of Golubria (safe; 19% risk of failure)
Confirm with . or Enter, or press ? or * to list all spells.
You miscast Infusion.
Nothing appears to happen.
The ogre hits you with a +0 giant spiked club!!
Ouch! That really hurt!
You barely miss the ogre. The ogre closely misses you.
You barely miss the ogre.
The ogre hits you with a +0 giant spiked club!
* * * LOW HITPOINT WARNING * * *
You hit the ogre.
The ogre is lightly wounded.
You completely miss the ogre.
The ogre is lightly wounded.
The ogre hits you with a +0 giant spiked club!
You die...

#.######.###
.....##.#<# #
..#.##.#รท##
#.#.#.#.#.....####
#.....#....#.....#
#.......####.#.#
########....<#.#
.###.#.# .# #.#@#
.# #.#.O....# ..
..######.# ## ###


You could see an ogre.

Vanquished Creatures
  An orc priest (D:3)
  2 orc wizards (D:3)
  Natasha (D:3)
  A howler monkey skeleton (D:4)
  2 adders (D:2)
  A worm (D:3)
  2 dart slugs (D:1)
  A leopard gecko (D:3)
  12 orcs
  13 bats
  4 giant cockroaches
  7 goblins
  7 hobgoblins
  8 jackals
  2 quokkas
  2 ball pythons
  4 frilled lizards
  11 kobolds
  5 rats
86 creatures vanquished.

Vanquished Creatures (others)
  An orc (D:3)
1 creature vanquished.

Grand Total: 87 creatures vanquished

Notes
Turn   | Place    | Note
-------+----------+-------------------------------------------
     0 | D:1      | malesh the Barachi Skald began the quest for the Orb.
     0 | D:1      | Reached XP level 1. HP: 17/17 MP: 3/3
    82 | D:1      | Reached XP level 2. HP: 21/23 MP: 0/5
   370 | D:1      | Learned a level 2 spell: Song of Slaying
   455 | D:1      | Reached XP level 3. HP: 25/29 MP: 3/6
   599 | D:1      | Learned a level 2 spell: Shroud of Golubria
  1732 | D:2      | Reached XP level 4. HP: 35/35 MP: 4/7
  2525 | D:3      | Reached XP level 5. HP: 41/42 MP: 2/8
  2601 | D:3      | Noticed Natasha
  2611 | D:3      | Killed Natasha
  2869 | D:3      | Learned a level 3 spell: Spectral Weapon
  3450 | D:3      | Reached XP level 6. HP: 48/49 MP: 9/9
  3936 | D:4      | Mangled by an ogre

Illustrated notes

Levels and vault maps discovered:
D:1:      zelgadis_glass_arrival_small, layout_basic
D:2:      layout_basic
D:3:      minmay_recursive_quarters, layout_loops_corners, first_ration,
          uniq_natasha
D:4:      corexii_shantytown, layout_basic, serial_rivers,
          chequers_serial_rivers_marsh, chequers_serial_rivers_small_a,
          chequers_serial_rivers_micro_b, chequers_serial_rivers_large_b,
          chequers_serial_rivers_room_b

Skill      XL: |  1  2  3  4  5 |
---------------+----------------+-----
Fighting       | 3 4 |  4.7
Long Blades    | 3 4 |  4.7
Dodging        | 3 |  3.3
Charms         | 4 |  4.2
Armour         | |  1.2
Spellcasting   | |  2.1

Action                   |  1- 3 |  4- 6 || total
-------------------------+-------+-------++-------
Melee: Falchion          |   112 |   139 ||   251
 Cast: Infusion          |    19 |    20 ||    39
  Use: Scroll            |       |     6 ||     6
  Eat: Chunk             |     4 |     8 ||    12
Armor: Leather armour    |    44 |    32 ||    76
Dodge: Dodged            |    89 |   107 ||   196
       Rpst.: Falchion   |    23 |    40 ||    63
